 Dungeon Crawl Stone Soup version 0.29-a0-1047-g7c58e119a4 (webtiles) character file.

Game seed: 2337468718241482729

2564 ytrimaz the Martial Artist (level 9, -7/60 HPs)
             Began as a Demonspawn Transmuter on Aug 16, 2022.
             Mangled by an orc warrior
             ... wielding a +0 trident
              (13 damage)
             ... on level 7 of the Dungeon.
             The game lasted 00:05:56 (8638 turns).

ytrimaz the Martial Artist (Demonspawn Transmuter)  Turns: 8638, Time: 00:05:57

Health: -7/60      AC:  2    Str:  9    XL:     9   Next: 31%
Magic:  10/12      EV: 19    Int: 22    God:
Gold:   332        SH:  0    Dex: 25    Spells: 6/12 levels left

rFire   . . .      SeeInvis .     - Unarmed
rCold   . . .      Faith    .   (shield currently unavailable)
rNeg    . . .      Spirit   .   (body armour currently unavailable)
rPois   x          Reflect  .   (helmet currently unavailable)
rElec   .          Harm     .   (cloak currently unavailable)
rCorr   .          Rampage  .   (gloves currently unavailable)
Will    .....                   (boots currently unavailable)
Stlth   ++........              e - amulet of magic regeneration
HPRegen 0.20/turn               g - +6 ring of dexterity
MPRegen 0.53/turn               (no ring)

@: mighty, spider-form, wereblooded
A: venomous fangs, tiny, (claws 1), rugged brown scales 1, powered by pain 1,
(spiny 2), clever 1
a: End Transformation


You were on level 7 of the Dungeon.
You were a venomous arachnid creature.
You visited 1 branch of the dungeon, and saw 7 of its levels.

You collected 332 gold pieces.

Inventory:

Armour
 o - a +0 cloak (melded)
 u - +0 steam dragon scales (melded)
Jewellery
 e - an amulet of magic regeneration (around neck)
 g - a +6 ring of dexterity (left front leg)
Wands
 p - a wand of flame (19)
 q - a wand of paralysis (1)
 t - a wand of light (6)
Scrolls
 h - 4 scrolls of teleportation
 m - a scroll of noise
Potions
 b - 2 potions of lignification
 c - a potion of curing
 d - a potion of cancellation {unknown}
 f - 2 potions of brilliance {unknown}
 i - 3 potions of invisibility
 j - a potion of attraction {unknown}
 k - a potion of magic {unknown}
 l - a potion of heal wounds {unknown}
 n - 3 potions of haste {unknown}
 r - 2 potions of mutation
 s - a potion of might {unknown}


   Skills:
 - Level 1.0 Fighting
 - Level 1.7 Dodging
 + Level 11.9 Unarmed Combat
 - Level 2.0 Spellcasting
 - Level 1.7 Transmutations


You had 6 spell levels left.
You knew the following spells:

 Your Spells              Type           Power      Damage    Failure   Level
a - Beastly Appendage     Tmut           18%        N/A       19%         1
b - Wereblood             Tmut           9%         N/A       24%         2
c - Spider Form           Tmut/Pois      6%         N/A       50%         3

Your spell library contained the following spells:

 Spells                   Type           Power      Damage    Failure   Level
 Sting                    Tmut/Pois      24%        1d4       24%         1
 Magic Dart               Conj           8%         1d3       32%         1
 Sandblast                Erth           4%         2d4       32%         1
 Shock                    Conj/Air       8%         1d3       32%         1
 Passwall                 Tmut/Erth      5%         N/A       32%         2
 Poisonous Vapours        Pois/Air       4%         N/A       41%         2
 Searing Ray              Conj           4%         2d4       41%         2
 Dazzling Flash           Conj/Hex       4%         N/A       61%         3
 Frozen Ramparts          Ice            4%         1d1       61%         3
 Stone Arrow              Conj/Erth      4%         3d7       61%         3
 Swiftness                Air            2%         N/A       61%         3
 Ice Form                 Ice/Tmut       6%         N/A       85%         4
 Airstrike                Air            1%         2d(1-17)  92%         4
 Fulminant Prism          Conj/Hex       1%         3d6       92%         4
 Iskenderun's Mystic Bla  Conj/Tloc      2%         2d3       92%         4
 Olgreb's Toxic Radiance  Pois           2%         N/A       92%         4
 Summon Ice Beast         Ice/Summ       2%         N/A       92%         4
 Starburst                Conj/Fire      1%         6d3       100%        6


Dungeon Overview and Level Annotations

Branches:
Dungeon (7/15)
 Temple: D:4-7

Altars:
Cheibriados
Fedhas
Okawaru
Qazlal

Shops:
D:2 (   D:5 *(:(?(

Annotations:
D:6 3 runed translucent doors, gelatine's ghost, novice DsFE


Innate Abilities, Weirdness & Mutations

You are a venomous arachnid creature.
You have poisonous fangs.
You are tiny and dextrous.
Your spellcasting is less reliable in this form.
Your armour is entirely melded.
You are incapable of wielding weapons or throwing items.
((You have sharp fingernails.))
(You are partially covered in rugged brown scales. (AC +1, +3% HP))
You sometimes gain a little power by taking damage.
((You are mostly covered in sharp spines.))
Your mind is acute. (Int +4, Str/Dex -1)


Message History

Unknown command.
Casting: Wereblood (safe; 10% risk of failure)
Confirm with . or Enter, or press ? or * to list all spells.
Your horns disappear.
Your talons disappear.
You turn into a venomous arachnid creature.
Your +0 cloak melds into your body.
Your +0 steam dragon scales melds into your body.
The orc hits you with a +0 whip. The orc priest hits you with a +0 whip.
You hit the orc priest.
The orc priest is severely wounded.
The orc hits you with a +0 whip. The sky beast hits you.
The sky beast shocks you.
Unknown command.
You hit the komodo dragon.
The komodo dragon is poisoned.
The komodo dragon is lightly wounded.
The orc hits you with a +0 whip. The sky beast hits you.
The sky beast shocks you. The orc priest closely misses you.
The orc warrior hits you from afar with a +0 trident!!
* * * LOW HITPOINT WARNING * * *
You focus on the pain.
You feel very mighty all of a sudden. The komodo dragon closely misses you.
Okay, then.
Okay, then.
You feel better. The orc hits you with a +0 whip.
* * * LOW HITPOINT WARNING * * *
The sky beast barely misses you. The orc warrior closely misses you.
The orc priest completely misses you.
The komodo dragon completely misses you.
Unknown command.
You feel better. The orc completely misses you.
The sky beast flickers out of sight!
Deactivating autopickup; reactivate with Ctrl-A.
Something hits you.
* * * LOW HITPOINT WARNING * * *
Something shocks you.
* * * LOW HITPOINT WARNING * * *
The orc priest barely misses you.
The orc warrior hits you from afar with a +0 trident!
You die...

#.#.#'#######
#.#.........#
#.'.........##
###...........
#.........#
#........###
#...........
#........#
#..os....#
#..{lo...#
.......o....#
#####.......#
#.......#
#.......#
#........
#.......##


You could see a komodo dragon (very poisoned), an orc warrior, an orc priest and
an orc.

Vanquished Creatures
  Prince Ribbit (D:5)
  A slime creature (D:7)
  A steam dragon (D:7)
  2 ice beasts (D:6)
  A black bear (D:4)
  A sky beast (D:7)
  3 ogres
  A centaur (D:6)
  3 necrophages (D:5)
  Blork the orc (D:6)
  A bullfrog (D:7)
  3 scorpions
  2 water moccasin zombies (D:5)
  A howler monkey (D:6)
  11 jellies
  4 hounds
  2 iguanas (D:5)
  A hound zombie (D:5)
  9 adders
  A white imp (D:5)
  2 ufetubi (D:4)
  3 worms
  9 orcs
  5 ball pythons
  20 endoplasms
  2 giant cockroaches
  7 goblins
  13 hobgoblins
  3 jackals (D:3)
  10 kobolds
  2 quokkas
  3 bats
  3 frilled lizards
  8 rats
140 creatures vanquished.

Vanquished Creatures (others)
  A ball python (D:1)
  A bat (D:1)
  A bush (D:5)
  2 fungi (D:7)
  9 plants (D:5)
14 creatures vanquished.

Grand Total: 154 creatures vanquished

Notes
Turn   | Place    | Note
-------+----------+-------------------------------------------
     0 | D:1      | ytrimaz the Demonspawn Transmuter began the quest for the
                  | Orb.
     0 | D:1      | Reached XP level 1. HP: 15/15 MP: 3/3
   122 | D:1      | Reached skill level 3 in Unarmed Combat
   356 | D:1      | Gained mutation: You sometimes gain a little power by
                  | taking damage. [demonic ancestry]
   356 | D:1      | Reached XP level 2. HP: 17/21 MP: 3/5
  1455 | D:2      | Gained mutation: You are partially covered in sharp spines.
                  | [demonic ancestry]
  1455 | D:2      | Reached XP level 3. HP: 16/26 MP: 4/6
  1907 | D:2      | Found a faded altar of an unknown god.
  1947 | D:2      | Found Deukkuim's Weapon Shoppe.
  2088 | D:2      | Reached skill level 4 in Unarmed Combat
  2258 | D:2      | Learned a level 2 spell: Wereblood
  2262 | D:2      | Learned a level 3 spell: Spider Form
  2619 | D:3      | Found a stormy altar of Qazlal.
  2907 | D:3      | Reached XP level 4. HP: 28/32 MP: 7/7
  3284 | D:3      | Gained mutation: You occasionally lose the ability to drink
                  | potions when taking damage. [potion of mutation]
  3284 | D:3      | Gained mutation: Armour fits poorly on your strangely
                  | shaped body. [potion of mutation]
  3462 | D:3      | Lost mutation: Armour fits poorly on your strangely shaped
                  | body. [potion of mutation]
  3462 | D:3      | Lost mutation: You occasionally lose the ability to drink
                  | potions when taking damage. [potion of mutation]
  3462 | D:3      | Gained mutation: Your mind is acute. (Int +4, Str/Dex -1)
                  | [potion of mutation]
  3963 | D:3      | Reached skill level 5 in Unarmed Combat
  4015 | D:4      | Noticed a black bear
  4023 | D:4      | Killed a black bear
  4024 | D:4      | Reached XP level 5. HP: 18/37 MP: 8/8
  4247 | D:4      | Reached skill level 6 in Unarmed Combat
  4370 | D:4      | Gained mutation: You are partially covered in rugged brown
                  | scales. (AC +1, +3% HP) [demonic ancestry]
  4370 | D:4      | Reached XP level 6. HP: 21/44 MP: 9/9
  4372 | D:4      | Identified the +1 ring mail of the Gazing Gods {Str+3}
  4811 | D:4      | Reached skill level 7 in Unarmed Combat
  5158 | D:5      | Entered Level 5 of the Dungeon
  5392 | D:5      | Gained mutation: You have sharp fingernails. [demonic
                  | ancestry]
  5392 | D:5      | Reached XP level 7. HP: 36/49 MP: 7/10
  5550 | D:5      | You fall into a shaft and drop 2 floors!
  5589 | D:7      | Reached skill level 8 in Unarmed Combat
  5854 | D:7      | Noticed a slime creature
  5870 | D:6      | Noticed Blork the orc
  5877 | D:6      | Killed Blork the orc
  5914 | D:6      | Reached skill level 9 in Unarmed Combat
  5914 | D:6      | Reached XP level 8. HP: 36/55 MP: 11/11
  6055 | D:6      | Found a runed translucent gate.
  6055 | D:6      | Found a runed translucent gate.
  6055 | D:6      | Found a runed translucent gate.
  6056 | D:6      | Noticed gelatine's ghost (novice DsFE)
  6057 | D:6      | Noticed a four-headed hydra
  6304 | D:5      | Found a blossoming altar of Fedhas.
  6654 | D:5      | Found Utsoatac's General Store.
  6656 | D:5      | Found Unworogg's Weapon Boutique.
  6657 | D:5      | Found Ruliny's Weapon Shoppe.
  6657 | D:5      | Found Lontan's Magic Scroll Emporium.
  6658 | D:5      | Found Zuwuf's Weapon Shoppe.
  6658 | D:5      | Found Muytehyi's Book Shop.
  6700 | D:5      | Noticed Prince Ribbit
  6715 | D:5      | Killed Prince Ribbit
  6716 | D:5      | Reached skill level 10 in Unarmed Combat
  7186 | D:6      | Found a snail-covered altar of Cheibriados.
  7427 | D:6      | Reached skill level 11 in Unarmed Combat
  7429 | D:6      | Gained mutation: You are mostly covered in sharp spines.
                  | [demonic ancestry]
  7429 | D:6      | Reached XP level 9. HP: 41/60 MP: 12/12
  7542 | D:6      | Found an iron altar of Okawaru.
  8629 | D:7      | Noticed a komodo dragon
  8636 | D:7      | HP: 1/60 [orc warrior/+0 trident (18)]
  8638 | D:7      | Mangled by an orc warrior

Illustrated notes

Levels and vault maps discovered:
D:1:      saegor_arrival_simple_e, layout_loops_ring, roderic_roman_lattice,
          lemuel_old_faithful
D:2:      layout_loops_corners, serial_shops, nicolae_shop_trees,
          chequers_ecumenical_altar_island
D:3:      layout_basic, mainiacjoe_overflow_catwalk
D:4:      layout_rooms, chequers_serial_rivers_micro_a, grunt_decor_cap
D:5:      layout_gridville, fedhas_altar_decomposition,
          nicolae_wooded_promenade, uniq_prince_ribbit1
D:6:      layout_rooms, okawaru_altar_gauntlet_db, old_standard_altar,
          gammafunk_ghost_split, moated_statue, uniq_blork_the_orc
D:7:      lemuel_slime, layout_basic, gammafunk_temple_overflow_pools,
          mainiacjoe_overflow_alcove_1, minmay_temple_entry_glass,
          minmay_misc_feat_ornament, the_hattery

Skill      XL: |  1  2  3  4  5  6  7  8 |
---------------+-------------------------+-----
Unarmed Combat | 3 4 5 6 7 9 11 | 11.9
Fighting       | |  1.0
Dodging        | |  1.7
Spellcasting   | |  2.0
Transmutations | |  1.7

Action                   |  1- 3 |  4- 6 |  7- 9 || total
-------------------------+-------+-------+-------++-------
Melee: Unarmed           |    89 |    70 |   150 ||   309
       Kick              |    10 |    17 |    26 ||    53
       Headbutt          |     4 |     5 |    17 ||    26
       Punch             |       |     3 |     8 ||    11
 Cast: Beastly Appendage |    25 |    17 |    16 ||    58
       Spider Form       |       |     1 |     4 ||     5
       Wereblood         |       |     2 |     5 ||     7
  Use: Scroll            |     3 |     3 |     4 ||    10
       Potion            |       |     2 |     3 ||     5
 Stab: Sleeping          |     1 |     1 |       ||     2
       Distracted        |       |     1 |       ||     1
Armor: Robe              |    17 |    11 |    26 ||    54
       Skin              |       |     2 |     4 ||     6
Dodge: Dodged            |    47 |    47 |    87 ||   181

Table legend: (Time is in decaauts)
 A = Elapsed time spent in this place.
 B = Non-inter-level travel time spent in this place.
 C = Inter-level travel time spent in this place.
 D = Time resting spent in this place.
 E = Time spent auto-exploring this place.
 F = Levels seen in this place.
 G = Mean time per level.
                   A        B        C        D        E       F      G
               +--------+--------+--------+--------+--------+-----+--------+
         Total |   8606 |   8484 |    122 |    647 |   6805 |   7 | 1229.4 |
       Dungeon |   8606 |   8484 |    122 |    647 |   6805 |   7 | 1229.4 |
               +--------+--------+--------+--------+--------+-----+--------+

Top non-repeatable levels by time:
     D:3: 1438 daAuts
     D:5: 1406 daAuts
     D:1: 1289 daAuts
     D:2: 1282 daAuts
     D:6: 1246 daAuts
     D:4: 1139 daAuts
     D:7: 803 daAuts
